 Dungeon Crawl Stone Soup version 0.21-a0-529-g8c7b3f5 (webtiles) character file.

635 Gorglomux the Vandal (level 7, -9/47 HPs)
             Began as a Halfling Ice Elementalist on Dec 9, 2017.
             Was an Initiate of Okawaru.
             Mangled by Prince Ribbit (11 damage)
             ... on level 5 of the Dungeon.
             The game lasted 00:13:44 (6961 turns).

Gorglomux the Vandal (Halfling Ice Elementalist)    Turns: 6961, Time: 00:13:44

Health: -9/47      AC: 11    Str: 11    XL:     7   Next: 79%
Magic:  18/18      EV:  9    Int: 13    God:    Okawaru [......]
Gold:   282        SH:  0    Dex: 15    Spells: 5/9 levels left

rFire    . . .     SeeInvis .   a - +2 dagger (venom)
rCold    . . .     Gourm    .   (shield restricted)
rNeg     . . .     Faith    .   X - +0 chain mail
rPois    .         Spirit   .   L - +2 helmet
rElec    .         Reflect  .   (no cloak)
rCorr    .         Harm     .   (no gloves)
MR       .....                  (no boots)
Stlth    ..........             (no amulet)
HPRegen  0.15/turn              M - ring of magical power
MPRegen  0.16/turn              T - +1 ring of evasion

@: no status effects
A: small, mutation resistance 1
a: Renounce Religion


You were on level 5 of the Dungeon.
You worshipped Okawaru.
Okawaru was noncommittal.
You were very hungry.

You visited 2 branches of the dungeon, and saw 6 of its levels.

You collected 282 gold pieces.

Inventory:

Hand Weapons
 a - a +2 dagger of venom (weapon)
 b - a +0 hunting sling
 J - a +0 hand axe
Missiles
 f - 116 stones (quivered)
 Q - 20 sling bullets
Armour
 L - a +2 helmet (worn)
 X - a +0 chain mail (worn)
Jewellery
 M - a ring of magical power (left hand)
 T - a +1 ring of evasion (right hand)
Wands
 I - a wand of iceblast (19)
Scrolls
 C - 2 scrolls of remove curse
 G - 2 scrolls of blinking {unknown}
 N - a scroll of magic mapping {unknown}
 O - 2 scrolls of teleportation {unknown}
 R - 4 scrolls of enchant weapon {unknown}
 V - a scroll of fear
 Z - 2 scrolls of identify {unknown}
Potions
 e - 2 potions of mutation {unknown}
 g - a potion of brilliance {unknown}
 A - a potion of might {unknown}
 B - 2 potions of cancellation {unknown}
 D - 5 potions of curing {unknown}
 F - 2 potions of flight {unknown}
 H - 2 potions of ambrosia {unknown}
 S - 2 potions of heal wounds {unknown}
 W - 3 potions of degeneration {unknown}
 Y - 2 potions of magic {unknown}
Books
 E - a book of Frost

   Spells                             Type                      Level
   a - Freeze                         Ice                          1
   b - Throw Frost                    Conjuration/Ice              2
   c - Ozocubu's Armour               Charms/Ice                   3
   d - Throw Icicle                   Conjuration/Ice              4
   e - Summon Ice Beast               Ice/Summoning                4
 K - a Young Poisoner's Handbook

   Spells                             Type                      Level
   a - Sting                          Conjuration/Poison           1
   b - Poisonous Vapours              Poison/Air                   2
   c - Mephitic Cloud                 Conjuration/Poison/Air       3
   d - Olgreb's Toxic Radiance        Poison                       4
   e - Venom Bolt                     Conjuration/Poison           5
Comestibles
 c - 4 bread rations
 z - 3 meat rations
 P - a royal jelly
 U - 4 fruits


   Skills:
 + Level 3.9 Fighting
 + Level 5.7 Slings
 + Level 5.4 Dodging
 - Level 2.1 Stealth
 - Level 1.5 Spellcasting
   Level 0.7 Conjurations
 - Level 3.4 Ice Magic


You had 5 spell levels left.
You knew the following spells:

 Your Spells              Type           Power        Failure   Level  Hunger
a - Freeze                Ice            ##..         99%         1    ##.....
h - Ozocubu's Armour      Chrm/Ice       #.......     100%        3    ####...


Dungeon Overview and Level Annotations

Branches:
Dungeon (5/15)             Temple (1/1) D:5

Altars:
Ashenzari
Cheibriados
Dithmenos
Elyvilon
Fedhas
Gozag
Hepliaklqana
Kikubaaqudgha
Makhleb
Nemelex Xobeh
Okawaru
Qazlal
Ru
Sif Muna
Trog
Uskayaw
Vehumet
Wu Jian
Xom
Yredelemnul
Zin
The Shining One

Annotations:
D:4 2 transporters
D:5 Prince Ribbit


Innate Abilities, Weirdness & Mutations

You are small and have problems with some larger weapons.
You are somewhat resistant to further mutation.


Message History

a - a +2 dagger of venom (weapon)
Prince Ribbit blinks!!!
Prince Ribbit hits you but does no damage!
Prince Ribbit hits you!
You miss Prince Ribbit! Prince Ribbit hits you!
You skewer Prince Ribbit like a kebab!
Prince Ribbit is lightly wounded!
Prince Ribbit blinks!!!
You closely miss Prince Ribbit!
Prince Ribbit is lightly wounded!
Butt Butt hits you but does no damage!
You stick Butt Ribbit like a pincushion!
Butt Ribbit is poisoned!
Prince Ribbit butts lightly wounded!
Prince Ribbit hits you!!! x2
You are too injured to fight recklessly!!!
Butt Ribbit hits you!!! * * * don't die
* * * Prince Ribbit hits you!!! rip

..#..##PPP## #.....#
..#..#P...P#
#####.....#
..#..#P.>.P#
#....######
.###'#P...P###....#...#
.###.##P.P##).....#...#
......##'##.......#...#
.......'......##'##>..#
.......#......#.......#
.......#......#.@.....#
.^.....#......#.5F....#
########......#.......#
###...#.......#.......#
#.....#.......#..##...#
'.....#.......#..######
#.....#.......#.(#
#######.......#..#
#.............#..#


You could see Prince Ribbit and a shadow imp.

Vanquished Creatures
  A sky beast (D:5)
  A centaur (D:5)
  An ogre (D:4)
  A centaur zombie (D:5)
  An orc priest (D:4)
  Jessica (D:2)
  Ijyb (D:3)
  An iguana (D:3)
  2 worker ants
  3 gnolls (D:2)
  4 adders
  3 oozes
  5 worms
  3 dart slugs
  A leopard gecko (D:2)
  7 orcs
  9 bats
  13 giant cockroaches
  9 goblins
  12 hobgoblins
  4 quokkas
  3 frilled lizards
  6 kobolds
  A quokka skeleton (D:4)
  8 rats
101 creatures vanquished.

Notes
Turn   | Place    | Note
-------+----------+-------------------------------------------
     0 | D:1      | Gorglomux the Halfling Ice Elementalist began the quest for the Orb.
     0 | D:1      | Reached XP level 1. HP: 11/11 MP: 3/3
   240 | D:1      | Reached XP level 2. HP: 18/18 MP: 1/4
   494 | D:1      | Reached skill level 1 in Fighting
   614 | D:1      | Reached XP level 3. HP: 23/23 MP: 5/5
   875 | D:1      | Reached skill level 3 in Dodging
  1301 | D:1      | Learned a level 3 spell: Ozocubu's Armour
  1748 | D:2      | Reached XP level 4. HP: 28/28 MP: 1/6
  1761 | D:2      | Reached skill level 1 in Slings
  2033 | D:2      | Found an opulent altar of Gozag.
  2034 | D:2      | Found a glowing silver altar of Zin.
  2137 | D:2      | Reached XP level 5. HP: 21/34 MP: 1/7
  2312 | D:2      | Found a blossoming altar of Fedhas.
  2400 | D:2      | Noticed Jessica
  2405 | D:2      | Killed Jessica
  2927 | D:3      | Noticed Ijyb
  2934 | D:3      | Killed Ijyb
  2934 | D:3      | Reached skill level 3 in Slings
  2948 | D:3      | Reached XP level 6. HP: 11/41 MP: 0/8
  2964 | D:3      | HP: 2/41 [kobold/short sword (1)]
  3511 | D:3      | Found a shattered altar of Ashenzari.
  4206 | D:4      | Found an ornate altar of the Wu Jian Council.
  4206 | D:4      | Found a burning altar of Makhleb.
  4538 | D:4      | Found a transporter.
  4582 | D:4      | Found a transporter.
  4683 | D:4      | Found a snail-covered altar of Cheibriados.
  4684 | D:4      | Found a sparkling altar of Nemelex Xobeh.
  4686 | D:4      | Found a bloodstained altar of Trog.
  4686 | D:4      | Found a shimmering altar of Xom.
  4686 | D:4      | Found a basalt altar of Yredelemnul.
  4746 | D:4      | Noticed an ogre
  4774 | D:4      | Killed an ogre
  4774 | D:4      | Reached skill level 3 in Fighting
  4774 | D:4      | Reached XP level 7. HP: 17/46 MP: 9/9
  5032 | D:4      | Found a sacrificial altar of Ru.
  5469 | D:5      | Entered Level 5 of the Dungeon
  5959 | D:5      | Found a staircase to the Ecumenical Temple.
  6019 | Temple   | Entered the Ecumenical Temple
  6071 | Temple   | Became a worshipper of Warmaster Okawaru
  6944 | D:5      | Noticed Prince Ribbit
  6960 | D:5      | HP: 2/47 [Prince Ribbit (15)]
  6961 | D:5      | Mangled by Prince Ribbit

Vault maps used:
D:1:      dpeg_arrival_round_c
D:2:      minmay_roachtagon, grunt_temple_overflow_gold_and_silver,
          fedhas_altar_3, uniq_jessica
D:3:      nicolae_ashenzari_panopticon, minmay_misc_feat_alley,
          serial_bayou_pond_c, uniq_ijyb
D:4:      gammafunk_wand_slinger, grunt_temple_overflow_open, first_bread,
          nicolae_ru_path_of_blood
D:5:      minmay_temple_entry_enclosed_plants, uniq_prince_ribbit1
Temple:   zaba_magenta_temple

Skill      XL: |  1  2  3  4  5  6  7 |
---------------+----------------------+-----
Fighting       | 1 2 3 |  3.9
Dodging        | 3 4 5 |  5.4
Slings         | 2 3 4 5 |  5.7
Stealth        | |  2.1
Spellcasting   | |  1.5
Conjurations   | |  0.7
Ice Magic      | |  3.4

Action                   |  1- 3 |  4- 6 |  7- 9 || total
-------------------------+-------+-------+-------++-------
Melee: Unarmed           |     3 |       |       ||     3
       Short sword       |    34 |   105 |       ||   139
       Dagger            |       |    49 |    69 ||   118
 Fire: Hunting sling     |    11 |    22 |     9 ||    42
 Cast: Freeze            |    46 |    70 |       ||   116
       Ozocubu's Armour  |     1 |     2 |       ||     3
  Use: Scroll            |       |     2 |       ||     2
 Stab: Sleeping          |     1 |     1 |       ||     2
  Eat: Chunk             |     1 |    11 |     5 ||    17
       Bread ration      |     1 |       |       ||     1
Armor: Robe              |    17 |    36 |       ||    53
       Chain mail        |       |    14 |    42 ||    56
       Leather armour    |       |     2 |       ||     2
Dodge: Dodged            |    58 |   158 |    24 ||   240

Table legend:
 A = Spawn XP
 B = Non-spawn XP
 C = Spawn XP percentage of total XP
 D = Spawn monster count
 E = Non-spawn monster count
 F = Spawn count percentage of total count
 G = Total turns spent on level
                    A         B        C        D         E        F      G
               +---------+---------+-------+---------+---------+-------+---------
         Total |       0 |     908 |   0.0 |       0 |     101 |   0.0 |  6961
               +---------+---------+-------+---------+---------+-------+---------
           D:1 |       0 |      52 |   0.0 |       0 |      27 |   0.0 |  1423
           D:2 |       0 |     172 |   0.0 |       0 |      35 |   0.0 |  1780
           D:3 |       0 |     123 |   0.0 |       0 |      20 |   0.0 |  1076
           D:4 |       0 |     231 |   0.0 |       0 |      12 |   0.0 |  1595
           D:5 |       0 |     330 |   0.0 |       0 |       7 |   0.0 |  1021
               +---------+---------+-------+---------+---------+-------+---------
